[Event "Titled Tuesday Blitz December 7 2021"]
[White "Alinasab, Mobina"]
[Black "Nilsen, Tobias Lang"]
[WhiteFideId "12528897"]
[BlackFideId "1521624"]
[WhiteElo "2061"]
[BlackElo "1979"]
[Result "0-1"]
[Round "10"]
[TimeControl "180+1"]
[Date "2021.12.07"]
[WhiteClock "0:00:02"]
[BlackClock "0:00:51"]

1. e4 e6 2. d4 d5 3. Nc3 Bb4 4. Qd3 dxe4 5. Qxe4 Nf6 6. Qh4 Bd7 7. Nf3 Bc6 8. Ne5 Be4 9. Be3 Bxc2 10. Rc1 Bf5 11. a3 Bxc3+ 12. bxc3 Nbd7 13. Bg5 h6 14. Nxd7 Qxd7 15. Bxf6 gxf6 16. Qxf6 Rg8 17. f3 Qe7 18. Qxh6 Qxa3 19. Kf2 O-O-O 20. Be2 Qe7 21. h4 Qd6 22. g4 Rg6 23. Qe3 Rgg8 24. Qe5 Qxe5 25. dxe5 Bh7 26. Ke3 a6 27. f4 b5 28. Rcd1 Kb7 29. Bf3+ Kb6 30. h5 a5 31. Be4 Rxd1 32. Rxd1 Bxe4 33. Kxe4 Rxg4 34. Rh1 Rg7 35. h6 Rh7 36. f5 exf5+ 37. Kxf5 c5 38. e6 fxe6+ 39. Kg6 Rh8 40. Kg7 Rc8 41. h7 b4 42. cxb4 axb4 43. h8=Q Rxh8 44. Rxh8 c4 45. Kf6 c3 46. Ke5 c2 47. Rc8 b3 48. Kd4 b2 49. Rb8+ Kc7 50. Rxb2 c1=Q 51. Rb4 Qf4+ 52. Kc3 Qe3+ 53. Kc4 Kd6 0-1


[Site "https://www.chess.com"]

[Event "Titled Tuesday Blitz December 7 2021"]
[White "Arencibia Monduy, Antonio"]
[Black "Gasanov, Eldar"]
[WhiteFideId "3507939"]
[BlackFideId "14104466"]
[WhiteElo "2640"]
[BlackElo "2454"]
[Result "0-1"]
[Round "10"]
[TimeControl "180+1"]
[Date "2021.12.07"]
[WhiteClock "0:00:08"]
[BlackClock "0:00:19"]

1. d4 d6 2. e4 Nf6 3. Nc3 c6 4. Nf3 Bg4 5. Be2 e6 6. Be3 Be7 7. O-O O-O 8. Re1 d5 9. e5 Nfd7 10. Nd2 Bf5 11. f4 c5 12. Nf3 Nc6 13. dxc5 Bxc5 14. Bxc5 Nxc5 15. Nd4 Qb6 16. Ncb5 a6 17. Nd6 Bxc2 18. Qd2 Ne4 19. Nxe4 Nxd4 20. Nf2 Rac8 21. b3 Bg6 22. Rac1 Nc2 23. Red1 Ne3 24. Re1 d4 25. Bd3 Nd5 26. Bxg6 hxg6 27. Ne4 d3+ 28. Nf2 Qd4 29. g3 Rxc1 30. Rxc1 Rd8 31. Qxd3 Nxf4 32. Qxd4 Ne2+ 33. Kf1 Nxd4 34. Rd1 Nc6 35. Rxd8+ Nxd8 36. Ke2 Nc6 37. Nd3 b6 38. Ke3 Kf8 39. Ke4 Ke7 40. h4 f6 41. a4 Nxe5 42. Nxe5 fxe5 43. Kxe5 a5 44. g4 Kd7 45. h5 gxh5 46. gxh5 Ke7 47. Kf4 Kf6 48. Kg4 e5 49. Kf3 Kg5 50. Ke4 Kxh5 51. Kxe5 g5 52. Kd5 g4 53. Kc6 g3 54. Kxb6 g2 55. Kxa5 g1=Q 56. b4 Qa7+ 57. Kb5 Kg5 58. a5 Kf5 59. a6 Ke6 60. Ka5 Kd6 61. b5 Kc5 0-1


[Site "https://www.chess.com"]

[Event "Titled Tuesday Blitz December 7 2021"]
[White "Azadaliyev, Jahandar"]
[Black "Andreikin, Dmitry"]
[WhiteFideId "13425811"]
[BlackFideId "4158814"]
[WhiteElo "1795"]
[BlackElo "2736"]
[Result "0-1"]
[Round "10"]
[TimeControl "180+1"]
[Date "2021.12.07"]
[WhiteClock "0:01:45"]
[BlackClock "0:01:50"]

1. d4 Nf6 2. c4 e6 3. Nf3 d5 4. g3 Be7 5. Bg2 O-O 6. O-O dxc4 7. Nbd2 b5 8. a4 c6 9. Ne5 Nd5 10. b3 c3 11. Ne4 b4 12. Nc5 a5 13. f4 Qb6 14. Ned3 Na6 15. Bxd5 exd5 16. Nxa6 Qxd4+ 17. e3 Qb6 18. f5 Bxa6 19. f6 Bxf6 20. Rxf6 gxf6 21. Kg2 Bxd3 22. Qxd3 Qa6 23. Qf5 Qe2+ 24. Kh3 Rfe8 25. Qxf6 Re6 26. Qg5+ Rg6 27. Qf5 Rh6+ 0-1


[Site "https://www.chess.com"]

[Event "Titled Tuesday Blitz December 7 2021"]
[White "Babazada, Khazar"]
[Black "Holt, Conrad"]
[WhiteFideId "13413554"]
[BlackFideId "2034387"]
[WhiteElo "2302"]
[BlackElo "2586"]
[Result "1-0"]
[Round "10"]
[TimeControl "180+1"]
[Date "2021.12.07"]
[WhiteClock "0:02:04"]
[BlackClock "0:00:35"]

1. Nf3 d5 2. g3 Bg4 3. Bg2 Nd7 4. d4 e6 5. O-O c6 6. b3 Bd6 7. Bb2 Qb8 8. c4 Ngf6 9. Qc2 O-O 10. Nc3 Bf5 11. Qc1 h6 12. Re1 Rd8 13. Nh4 Bh7 14. e4 dxe4 15. Nxe4 Be7 16. Nxf6+ Bxf6 17. Nf3 Qd6 18. Qe3 a5 19. a4 Qb4 20. c5 Bc2 21. Bc3 Qxb3 22. Nd2 Qxa4 23. Rxa4 Bxa4 24. Nc4 Bb5 25. Nd6 a4 26. Nxb5 cxb5 27. Bxb7 Ra7 28. c6 Nb6 29. d5 Rxb7 30. cxb7 Nxd5 31. Bxf6 gxf6 32. Qa7 Kg7 33. b8=Q Rxb8 34. Qxb8 b4 35. Rd1 Nc3 36. Rd8 b3 37. Rg8+ Kh7 38. Qf8 1-0


[Site "https://www.chess.com"]

[Event "Titled Tuesday Blitz December 7 2021"]
[White "Barria Zuniga, Daniel"]
[Black "Nguyen Hong Nhung"]
[WhiteFideId "3400816"]
[BlackFideId "12412201"]
[WhiteElo "2414"]
[BlackElo "1661"]
[Result "1-0"]
[Round "10"]
[TimeControl "180+1"]
[Date "2021.12.07"]
[WhiteClock "0:00:25"]
[BlackClock "0:00:37"]

1. d4 Nf6 2. c4 c5 3. d5 b5 4. cxb5 a6 5. Nc3 g6 6. e4 d6 7. a4 Bg7 8. Nf3 O-O 9. Bd2 Nbd7 10. h3 Bb7 11. Be2 axb5 12. axb5 e6 13. dxe6 fxe6 14. Bg5 Qb6 15. Rxa8 Rxa8 16. Qb3 Ra1+ 17. Bd1 Nf8 18. Nd2 h6 19. Bh4 g5 20. Bg3 d5 21. exd5 exd5 22. O-O Kh8 23. Bf3 Rxf1+ 24. Nxf1 d4 25. Na4 Qa7 26. b6 Qa8 27. Bxb7 Qxb7 28. Nxc5 Qe7 29. b7 N6d7 30. Nxd7 Nxd7 31. b8=Q+ Nxb8 32. Qxb8+ Kh7 33. Qb3 Qe4 34. Qd1 d3 35. Nd2 Qe5 36. Bxe5 1-0


[Site "https://www.chess.com"]

[Event "Titled Tuesday Blitz December 7 2021"]
[White "Baskin, Robert"]
[Black "Colbow, Collin"]
[WhiteFideId "24662402"]
[BlackFideId "16201132"]
[WhiteElo "2488"]
[BlackElo "2137"]
[Result "1/2-1/2"]
[Round "10"]
[TimeControl "180+1"]
[Date "2021.12.07"]
[WhiteClock "0:00:06"]
[BlackClock "0:00:06"]

1. e4 c5 2. Nf3 e6 3. d4 cxd4 4. Nxd4 Nc6 5. Nc3 Qc7 6. Be2 a6 7. O-O b5 8. Nxc6 Qxc6 9. Be3 Bb7 10. Bf3 Rc8 11. e5 Qc7 12. Bxb7 Qxb7 13. Qg4 f5 14. exf6 Nxf6 15. Qg3 Bb4 16. Ne2 O-O 17. c3 Be7 18. Rad1 Nd5 19. Bd4 Rf7 20. Nc1 Nf4 21. Rfe1 Bh4 22. Qf3 Qxf3 23. gxf3 Rcf8 24. Bc5 Be7 25. Bxe7 Rxe7 26. Nd3 Nxd3 27. Rxd3 Rf6 28. Re4 Ref7 29. a4 Rxf3 30. Rxf3 Rxf3 31. Rd4 Rf5 32. Rxd7 bxa4 33. Rd6 a5 34. Rxe6 Rb5 35. Ra6 Rxb2 36. Rxa5 Rc2 37. Rxa4 Rc1+ 38. Kg2 Rxc3 39. Re4 h6 40. f3 Kh7 41. Kg3 Kg6 42. h4 Rc5 43. Rf4 Rf5 44. Re4 Kf6 45. Rf4 Rxf4 46. Kxf4 h5 47. Ke4 Ke6 48. Kf4 Kf6 49. Ke4 g5 50. Ke3 gxh4 51. Kf2 Kf5 52. Kg2 Kf4 53. Kh3 Kxf3 54. Kxh4 Kf2 55. Kxh5 1/2-1/2


[Site "https://www.chess.com"]

[Event "Titled Tuesday Blitz December 7 2021"]
[White "Batbold, Nyamsuren"]
[Black "Padmini, Rout"]
[WhiteFideId "4903331"]
[BlackFideId "5029295"]
[WhiteElo "1816"]
[BlackElo "2276"]
[Result "0-1"]
[Round "10"]
[TimeControl "180+1"]
[Date "2021.12.07"]
[WhiteClock "0:00:17"]
[BlackClock "0:00:16"]

1. Nf3 Nf6 2. d4 g6 3. c4 Bg7 4. h4 O-O 5. Bg5 d6 6. Bxf6 exf6 7. h5 f5 8. Nc3 c5 9. e3 Nc6 10. Be2 cxd4 11. exd4 Re8 12. O-O gxh5 13. d5 Ne7 14. Ng5 h4 15. Nh3 Ng6 16. Bd3 Qf6 17. Nb5 Rf8 18. Rb1 Bd7 19. Nc3 Rae8 20. Qh5 h6 21. Bc2 Re5 22. Qf3 Rfe8 23. Nf4 Nxf4 24. Qxf4 Qg5 25. Qf3 a6 26. b4 f4 27. Ne4 Qg6 28. Nc5 Qxc2 29. Nxd7 R5e7 30. Nb6 Bd4 31. c5 Re2 32. Nd7 Rxf2 33. Qg4+ Kh8 34. Kh1 Rg8 35. Qxh4 Rxf1+ 36. Rxf1 Qxg2# 0-1


[Site "https://www.chess.com"]

[Event "Titled Tuesday Blitz December 7 2021"]
[White "Bazarov, Konstantin"]
[Black "Itkis, Boris"]
[WhiteFideId "4137000"]
[BlackFideId "1209167"]
[WhiteElo "2079"]
[BlackElo "2207"]
[Result "1-0"]
[Round "10"]
[TimeControl "180+1"]
[Date "2021.12.07"]
[WhiteClock "0:01:06"]
[BlackClock "0:00:46"]

1. Nf3 d5 2. e3 Nf6 3. c4 dxc4 4. Bxc4 a6 5. a4 e6 6. d4 Nc6 7. O-O Bd6 8. b3 O-O 9. Ba3 Qe7 10. Bxd6 cxd6 11. Nc3 Bd7 12. e4 Rac8 13. Rc1 e5 14. d5 Nb4 15. h3 Rc7 16. Qd2 Rfc8 17. Rfe1 a5 18. Qe3 Rc5 19. Nd2 Qd8 20. f4 exf4 21. Qxf4 Qb6 22. Kh1 R5c7 23. Rf1 Be8 24. Qg3 Kh8 25. Nf3 Re7 26. Rce1 Na6 27. Nh4 Bd7 28. Rxf6 gxf6 29. Qf4 Qd4 30. Re3 Qe5 31. Qf1 Nc5 32. Nf3 Qh5 33. Nd4 Rce8 34. Qxf6+ Kg8 35. Rg3+ Qg6 36. Rxg6+ hxg6 37. Qxd6 1-0


[Site "https://www.chess.com"]

[Event "Titled Tuesday Blitz December 7 2021"]
[White "Begmuratov, Khumoyun"]
[Black "Yilmaz, Mustafa"]
[WhiteFideId "14210207"]
[BlackFideId "6302718"]
[WhiteElo "1961"]
[BlackElo "2568"]
[Result "0-1"]
[Round "10"]
[TimeControl "180+1"]
[Date "2021.12.07"]
[WhiteClock "0:00:12"]
[BlackClock "0:00:40"]

1. e4 b6 2. d4 Bb7 3. Bd3 e6 4. c4 Bb4+ 5. Bd2 Bxd2+ 6. Qxd2 f5 7. Nc3 Nf6 8. Qe3 O-O 9. f3 fxe4 10. Nxe4 Nxe4 11. fxe4 Qh4+ 12. g3 Qf6 13. O-O-O Nc6 14. e5 Qf2 15. Qxf2 Rxf2 16. Nh3 Rff8 17. Be4 Na5 18. Bxb7 Nxb7 19. Nf4 Na5 20. b3 Nc6 21. Rhe1 Rf5 22. d5 Nxe5 23. dxe6 dxe6 24. Nxe6 Re8 25. Nxc7 Nd3+ 26. Rxd3 Rxe1+ 27. Kd2 Ra1 28. Rd8+ Rf8 29. Rd7 Rxa2+ 30. Kc3 Rxh2 31. Ne6 Rf3+ 32. Kb4 Rxg3 33. Rxa7 h5 34. Rb7 h4 35. Rxb6 h3 36. Rb8+ Kf7 37. Nd4 Rd2 38. Nf5 Rg5 39. Rb7+ Kg8 40. Rb8+ Kh7 41. Nh4 Rd3 42. Re8 h2 43. Re1 Rh3 0-1


[Site "https://www.chess.com"]

[Event "Titled Tuesday Blitz December 7 2021"]
[White "Begunov, Konstantin"]
[Black "Kepeshchuk, Mykhaylo"]
[WhiteFideId "4118510"]
[BlackFideId "14113139"]
[WhiteElo "2262"]
[BlackElo "2279"]
[Result "1-0"]
[Round "10"]
[TimeControl "180+1"]
[Date "2021.12.07"]
[WhiteClock "0:00:25"]
[BlackClock "0:00:23"]

1. d4 Nf6 2. c4 c5 3. Nf3 g6 4. Nc3 cxd4 5. Nxd4 Bg7 6. g3 O-O 7. Bg2 Nc6 8. O-O Nxd4 9. Qxd4 d6 10. Qd2 a6 11. b3 Rb8 12. Bb2 b5 13. cxb5 axb5 14. b4 Be6 15. Rac1 Qd7 16. Rfd1 Rfc8 17. a3 Bb3 18. Re1 Qa7 19. Nxb5 Qb6 20. Nd4 Ba4 21. Rxc8+ Rxc8 22. Rc1 Rxc1+ 23. Qxc1 h6 24. Qc8+ Kh7 25. Qb7 Qd8 26. Nc6 Bxc6 27. Bxc6 e6 28. Qxf7 e5 29. a4 Qb6 30. Qb7 Qd8 31. a5 Ng4 32. a6 Qf6 33. Bf3 Qf5 34. a7 Qb1+ 35. Kg2 Qxb2 36. a8=Q Nf6 37. Qaa7 Ne8 38. Qe7 d5 39. Qxe8 e4 40. Qaf7 exf3+ 41. exf3 1-0


[Site "https://www.chess.com"]

[Event "Titled Tuesday Blitz December 7 2021"]
[White "Brunello, Marina"]
[Black "Licznerski, Lukasz"]
[WhiteFideId "822590"]
[BlackFideId "1179250"]
[WhiteElo "2328"]
[BlackElo "2403"]
[Result "0-1"]
[Round "10"]
[TimeControl "180+1"]
[Date "2021.12.07"]
[WhiteClock "0:00:20"]
[BlackClock "0:00:19"]

1. e4 c6 2. d4 d5 3. e5 Bf5 4. Nf3 e6 5. Be2 Ne7 6. O-O Bg6 7. Nbd2 c5 8. b3 cxd4 9. Nxd4 Nec6 10. Bb2 Nxd4 11. Bxd4 Nc6 12. Bb2 Bc5 13. Nf3 O-O 14. a3 a5 15. h3 Qb6 16. Bd3 Rac8 17. Bxg6 fxg6 18. Ng5 Bxf2+ 19. Kh1 Ne7 20. Rxf2 Rxf2 21. Bd4 Rf1+ 22. Qxf1 Qxd4 23. Qf7+ Kh8 24. Re1 Nf5 25. Nxe6 Qf2 26. Qd7 Qxe1+ 27. Kh2 Qg3+ 28. Kh1 Qe1+ 29. Kh2 Qxe5+ 30. Kh1 Rg8 31. Nd8 Nh6 0-1


[Site "https://www.chess.com"]

[Event "Titled Tuesday Blitz December 7 2021"]
[White "Buscar, Michael"]
[Black "Reprintsev, Alexander"]
[WhiteFideId "2603616"]
[BlackFideId "14100541"]
[WhiteElo "2010"]
[BlackElo "2126"]
[Result "0-1"]
[Round "10"]
[TimeControl "180+1"]
[Date "2021.12.07"]
[WhiteClock "0:00:01"]
[BlackClock "0:01:22"]

1. d4 d5 2. c4 e5 3. e3 exd4 4. Qxd4 Nf6 5. cxd5 Qxd5 6. Qxd5 Nxd5 7. a3 Nc6 8. Nf3 Bg4 9. Bc4 Bxf3 10. gxf3 Nb6 11. Be2 g6 12. Bd2 Bg7 13. Bc3 O-O 14. Bxg7 Kxg7 15. Nc3 Rad8 16. Rd1 Ne5 17. b3 Rxd1+ 18. Kxd1 Rd8+ 19. Kc2 c6 20. h4 f5 21. h5 g5 22. Rg1 Kf6 23. h6 Rd6 24. f4 gxf4 25. Rg7 fxe3 26. fxe3 Rd7 27. Rg8 Nd5 28. Rf8+ Rf7 29. Nxd5+ cxd5 30. Rb8 Kg6 31. Rd8 Ng4 32. Bxg4 fxg4 33. Rd6+ Kh5 34. Rxd5+ Kh4 35. Rd8 Rf6 36. e4 Rxh6 37. Kd3 g3 38. Ke2 Kh3 39. Kf1 Kh2 0-1


[Site "https://www.chess.com"]

[Event "Titled Tuesday Blitz December 7 2021"]
[White "Chan, Kim Yew"]
[Black "Halkias, Stelios"]
[WhiteFideId "5717981"]
[BlackFideId "4201809"]
[WhiteElo "2206"]
[BlackElo "2575"]
[Result "0-1"]
[Round "10"]
[TimeControl "180+1"]
[Date "2021.12.07"]
[WhiteClock "0:00:11"]
[BlackClock "0:00:26"]

1. b3 c5 2. Bb2 d5 3. e3 a6 4. Nf3 Nc6 5. Be2 Nf6 6. d4 Bg4 7. O-O e6 8. c4 cxd4 9. Nxd4 Bxe2 10. Qxe2 Be7 11. Nd2 O-O 12. Rfd1 Nxd4 13. Bxd4 Qa5 14. cxd5 Nxd5 15. Nc4 Qb5 16. Kf1 Rac8 17. Rac1 Rfd8 18. e4 Nf6 19. f3 Qh5 20. Kg1 Rxd4 21. Rxd4 Bc5 22. Ne3 Qg5 23. Rc3 Re8 24. Rdc4 Bb6 25. Kf1 Nh5 26. g3 h6 27. f4 Qg6 28. Ng4 Kh7 29. Ne5 Nxf4 30. gxf4 Qg1# 0-1


[Site "https://www.chess.com"]

[Event "Titled Tuesday Blitz December 7 2021"]
[White "Chernomordik, Pavel"]
[Black "Bouget, Alexandre"]
[WhiteFideId "2804530"]
[BlackFideId "681318"]
[WhiteElo "2249"]
[BlackElo "2178"]
[Result "0-1"]
[Round "10"]
[TimeControl "180+1"]
[Date "2021.12.07"]
[WhiteClock "0:00:19"]
[BlackClock "0:00:13"]

1. e4 e5 2. Nf3 Nc6 3. Bb5 a5 4. O-O Na7 5. Be2 d6 6. d4 exd4 7. Nxd4 Nf6 8. Nc3 Be7 9. f4 O-O 10. Bf3 c5 11. Nf5 Bxf5 12. exf5 Rb8 13. g4 Nc6 14. g5 Nd7 15. Nd5 Nd4 16. Re1 Re8 17. c3 Nxf3+ 18. Qxf3 Bf8 19. Bd2 Rxe1+ 20. Rxe1 Nb6 21. b3 Nxd5 22. Qxd5 Qd7 23. c4 b6 24. Kf2 a4 25. Bc3 axb3 26. axb3 b5 27. g6 bxc4 28. bxc4 Rb3 29. Re3 Ra3 30. h4 Ra2+ 31. Kg3 hxg6 32. fxg6 Rc2 33. f5 Rc1 34. h5 Rg1+ 35. Kf2 Rg5 36. Rf3 Rxh5 37. f6 Rxd5 0-1


[Site "https://www.chess.com"]

[Event "Titled Tuesday Blitz December 7 2021"]
[White "Cvetanovic, Uros"]
[Black "Koepke, Christian"]
[WhiteFideId "900672"]
[BlackFideId "4655737"]
[WhiteElo "2282"]
[BlackElo "2180"]
[Result "1-0"]
[Round "10"]
[TimeControl "180+1"]
[Date "2021.12.07"]
[WhiteClock "0:00:06"]
[BlackClock "0:00:05"]

1. Nc3 c5 2. e4 Nc6 3. f4 g6 4. Nf3 Bg7 5. d3 d6 6. h3 Rb8 7. g4 b5 8. Ne2 h5 9. g5 e6 10. Nh4 Nge7 11. Ng3 b4 12. Bg2 Nd4 13. O-O a5 14. Bd2 Qb6 15. Kh1 Qa6 16. Be3 Bd7 17. Rb1 d5 18. Bxd4 Bxd4 19. f5 dxe4 20. f6 Nd5 21. Bxe4 Ne3 22. Qf3 Nxf1 23. Rxf1 Rf8 24. b3 Rc8 25. Nxg6 fxg6 26. Bxg6+ Kd8 27. Qxh5 Bc6+ 28. Be4 Qb7 29. Qg4 Be5 30. Bxc6 Qxc6+ 31. Ne4 Rc7 32. Kg1 Rcf7 33. g6 Bd4+ 34. Kh2 Be5+ 35. Kg1 Bd4+ 36. Kh2 Be5+ 37. Kh1 Rxf6 38. Rxf6 Rxf6 39. g7 Rf1+ 40. Kg2 Bxg7 41. Kxf1 Bd4 42. h4 Qe8 43. h5 Qf7+ 44. Kg2 Ke7 45. Qg6 Qf4 46. Qg3 Qc1 47. Kh3 Qh1+ 48. Kg4 Qf1 49. Qh3 Qf5+ 50. Kg3 Qe5+ 51. Kg2 Qg7+ 52. Qg3 Qh6 53. Qh4+ Qg5+ 54. Qxg5+ Kd7 55. h6 1-0


[Site "https://www.chess.com"]

[Event "Titled Tuesday Blitz December 7 2021"]
[White "Devaev, Alexander"]
[Black "Shpanko, Nadiia"]
[WhiteFideId "4169395"]
[BlackFideId "14132400"]
[WhiteElo "2185"]
[BlackElo "2139"]
[Result "0-1"]
[Round "10"]
[TimeControl "180+1"]
[Date "2021.12.07"]
[WhiteClock "0:00:03"]
[BlackClock "0:00:34"]

1. d4 Nf6 2. c4 e6 3. Nf3 d5 4. Nc3 Bb4 5. cxd5 exd5 6. Bg5 O-O 7. Rc1 c6 8. e3 Bg4 9. Bd3 h6 10. Bh4 Nbd7 11. O-O Be7 12. Qc2 Bxf3 13. gxf3 Nh5 14. Bg3 Bg5 15. Kh1 Qf6 16. Be2 Qe6 17. f4 Nxg3+ 18. hxg3 Bf6 19. Kg2 Rfe8 20. Bd3 a6 21. Rh1 c5 22. Bf5 Qd6 23. Bxd7 Qxd7 24. dxc5 Qc6 25. Kh2 d4 26. exd4 Bxd4 27. Rhd1 Rad8 28. Rd3 Qg6 29. Rcd1 Bxf2 30. Kg2 Bxg3 31. Rxd8 Qxc2+ 32. R1d2 Rxd8 33. Rxc2 Bxf4 34. Kf3 Be5 35. Ne2 h5 36. b4 h4 37. a4 h3 38. b5 axb5 39. axb5 h2 40. Rc1 f5 41. c6 bxc6 42. bxc6 g5 0-1


[Site "https://www.chess.com"]

[Event "Titled Tuesday Blitz December 7 2021"]
[White "Dmitrenko, Viktor"]
[Black "Gaehwiler, Gabriel"]
[WhiteFideId "14110270"]
[BlackFideId "1314530"]
[WhiteElo "2262"]
[BlackElo "2383"]
[Result "1-0"]
[Round "10"]
[TimeControl "180+1"]
[Date "2021.12.07"]
[WhiteClock "0:00:03"]
[BlackClock "0:00:13"]

1. d4 Nf6 2. Nf3 g6 3. c3 Bg7 4. Bg5 b6 5. Nbd2 Bb7 6. Bxf6 exf6 7. e4 O-O 8. Bd3 d5 9. O-O Nd7 10. a4 c5 11. a5 dxe4 12. Nxe4 f5 13. Nd6 Bxf3 14. Qxf3 cxd4 15. cxd4 Bxd4 16. Qd5 Bg7 17. Bc4 Ne5 18. Bb3 Kh8 19. Rad1 bxa5 20. h3 f4 21. Rfe1 Qf6 22. Rxe5 Qxe5 23. Nxf7+ Rxf7 24. Qxf7 Rf8 25. Qxa7 f3 26. Rd7 fxg2 27. Bd5 Qxb2 28. Kxg2 Qf6 29. Rf7 Qg5+ 30. Kf1 Qxd5 31. Rxg7 Qh1+ 32. Ke2 Qe4+ 33. Kf1 Qh1+ 34. Ke2 Qxh3 35. Qd4 Qf3+ 36. Ke1 Re8+ 37. Re7+ Kg8 38. Qg7# 1-0


[Site "https://www.chess.com"]

[Event "Titled Tuesday Blitz December 7 2021"]
[White "Dolzhykova, Kateryna"]
[Black "Koellner, Ruben Gideon"]
[WhiteFideId "14113414"]
[BlackFideId "12993093"]
[WhiteElo "2094"]
[BlackElo "2568"]
[Result "1/2-1/2"]
[Round "10"]
[TimeControl "180+1"]
[Date "2021.12.07"]
[WhiteClock "0:00:17"]
[BlackClock "0:01:04"]

1. Nf3 d6 2. d4 Nf6 3. g3 g6 4. Bg2 Bg7 5. O-O O-O 6. c4 Nbd7 7. Nc3 Re8 8. e4 e5 9. d5 Nc5 10. Qc2 a5 11. Rb1 b6 12. b3 h6 13. a3 Bd7 14. b4 axb4 15. axb4 Na4 16. Bd2 Nxc3 17. Bxc3 Ra4 18. Ra1 Qa8 19. Nd2 h5 20. Qb2 Rxa1 21. Rxa1 Qb7 22. Nb3 Ra8 23. Rxa8+ Qxa8 24. c5 bxc5 25. bxc5 Bb5 26. cxd6 cxd6 27. Bb4 Bf8 28. Qa3 Qxa3 29. Bxa3 Bd3 30. Nd2 Bh6 31. Nf1 Nxe4 32. Bxe4 Bxe4 33. Bxd6 f6 34. Ne3 Bxe3 35. fxe3 Bxd5 36. h4 Kf7 37. Kf2 Ke6 38. Ba3 Kf5 39. Bb2 Ke4 40. Ba1 Be6 41. Bb2 Kf5 42. Ba1 g5 43. hxg5 fxg5 44. Bc3 Bd5 45. Kg1 Ke4 46. Kh2 Be6 47. Bb2 Bg4 48. Ba1 Bf3 49. Bb2 g4 50. Ba1 Kd5 51. Bb2 e4 52. Bd4 Kc4 53. Kg1 Kd3 54. Kf2 Kd2 55. Be5 Kd3 56. Bf4 Kc4 57. Bg5 Kd5 58. Bh4 Ke6 59. Bg5 Kf5 60. Bh4 Kg6 61. Bd8 Kf7 62. Bh4 Ke6 63. Bg5 Kd7 64. Bh4 Kc6 65. Bg5 Kd5 66. Bh4 Kc5 67. Ke1 Kc4 68. Kd2 Kd5 69. Kc3 Kc5 70. Be7+ Kc6 71. Kd4 Kd7 72. Bh4 Ke6 73. Kc5 Kd7 74. Kd5 Ke8 75. Ke6 Kf8 76. Kf6 Kg8 77. Kg5 Kf7 78. Kxh5 Ke6 79. Kg5 Ke5 80. Kg6 Kd5 81. Bg5 Kc4 82. Bf4 Kd3 83. Kf5 Kc3 84. Ke5 Kd2 85. Kd4 Ke2 86. Ke5 Kf2 87. Kd4 Ke2 88. Kc3 Kd1 89. Kb2 Ke2 90. Kc2 Ke1 91. Kc1 Ke2 92. Bh6 Ke1 93. Kc2 Ke2 94. Kc3 Ke1 95. Kd4 Ke2 96. Ke5 Ke1 97. Kf4 Ke2 98. Bg7 Ke1 99. Bc3+ Ke2 100. Ba5 Kf1 101. Ke5 Ke2 102. Bb6 Kf1 103. Kd4 Ke2 104. Bc7 Kf1 105. Kc3 Ke2 106. Bb6 Kf1 107. Kd2 Kg2 108. Bc7 Kg1 109. Ke1 Kg2 110. Bf4 Kg1 111. Be5 Kg2 112. Bf4 Kg1 113. Be5 Kg2 114. Bf4 1/2-1/2


[Site "https://www.chess.com"]

[Event "Titled Tuesday Blitz December 7 2021"]
[White "Donchenko, Alexander"]
[Black "Kosteniuk, Alexandra"]
[WhiteFideId "24603295"]
[BlackFideId "4128125"]
[WhiteElo "2494"]
[BlackElo "2475"]
[Result "0-1"]
[Round "10"]
[TimeControl "180+1"]
[Date "2021.12.07"]
[WhiteClock "0:00:32"]
[BlackClock "0:00:19"]

1. e4 e5 2. Nf3 Nf6 3. d4 Nxe4 4. Bd3 d5 5. Nxe5 Nd7 6. Nxd7 Bxd7 7. Nd2 Nxd2 8. Bxd2 Qe7+ 9. Be3 Qb4+ 10. Qd2 Qxd2+ 11. Kxd2 Bd6 12. a4 a5 13. b3 c6 14. Rae1 Be6 15. f4 f5 16. g4 O-O 17. g5 h6 18. h4 Rae8 19. c3 hxg5 20. hxg5 Kf7 21. Rh7 Rh8 22. Reh1 Rxh7 23. Rxh7 Kg6 24. Rh3 Kf7 25. Be2 Rg8 26. c4 g6 27. Kd3 Kg7 28. Bd2 Bc7 29. c5 Bd7 30. Bf3 Re8 31. Rh1 Ra8 32. Re1 Kf7 33. Rb1 Rh8 34. Rh1 Rxh1 35. Bxh1 Ke6 36. Bf3 Be8 37. b4 axb4 38. Bxb4 Bxf4 39. Be2 Bxg5 40. Kc3 Kd7 41. a5 Bf4 42. a6 bxa6 43. Bxa6 Bc7 44. Bd3 Bf7 45. Kd2 Be6 46. Ke2 g5 47. Bd2 f4 48. Bg6 g4 49. Bh5 Ke7 50. Kf2 Bd7 51. Kg2 Kf6 52. Kf2 Kf5 53. Bc3 Ke4 54. Bg6+ Bf5 55. Be8 g3+ 56. Kg1 f3 57. Be1 Ke3 58. Bxc6 f2+ 59. Bxf2+ gxf2+ 60. Kg2 Be4+ 61. Kf1 Bd3+ 0-1


[Site "https://www.chess.com"]

[Event "Titled Tuesday Blitz December 7 2021"]
[White "Druska, Juraj"]
[Black "Tanenbaum, Zachary"]
[WhiteFideId "14915650"]
[BlackFideId "2060850"]
[WhiteElo "2369"]
[BlackElo "2168"]
[Result "1-0"]
[Round "10"]
[TimeControl "180+1"]
[Date "2021.12.07"]
[WhiteClock "0:00:13"]
[BlackClock "0:00:01"]

1. d4 d5 2. Nf3 Nf6 3. Bf4 c5 4. e3 Nc6 5. c3 Qb6 6. Qc1 Bf5 7. Nbd2 e6 8. Be2 Be7 9. O-O O-O 10. Nh4 Be4 11. h3 Rac8 12. Nhf3 Nd7 13. Nb3 Bf6 14. Qd2 c4 15. Nc1 Qa5 16. b4 Qa3 17. Bd1 Rfd8 18. Ne2 Bxf3 19. gxf3 e5 20. Bg3 Nf8 21. Qc1 Qxc1 22. Rxc1 Ne6 23. a4 Ng5 24. Kg2 h5 25. dxe5 Be7 26. Nd4 Ne6 27. h4 a5 28. b5 Nb8 29. f4 Nd7 30. Bxh5 Ndc5 31. Bg4 Rb8 32. Ra1 Nd3 33. Nxe6 fxe6 34. Bxe6+ Kf8 35. Rfd1 Bc5 36. Kf3 Ke7 37. Bg4 Rf8 38. h5 Nxe5+ 39. Ke2 Nxg4 40. Rxd5 Bb6 41. Rg5 Nf6 42. Rxg7+ Ke6 43. Rh1 Kf5 44. Rg5+ Ke6 45. h6 Kf7 46. Rg7+ Ke6 47. Bh4 Rbd8 48. Bg5 1-0


[Site "https://www.chess.com"]

[Event "Titled Tuesday Blitz December 7 2021"]
[White "Dzhaparov, Medet"]
[Black "Bloomer, Josh"]
[WhiteFideId "13803689"]
[BlackFideId "2020416"]
[WhiteElo "1702"]
[BlackElo "2432"]
[Result "1/2-1/2"]
[Round "10"]
[TimeControl "180+1"]
[Date "2021.12.07"]
[WhiteClock "0:00:05"]
[BlackClock "0:00:32"]

1. e4 c5 2. Nf3 d6 3. d4 cxd4 4. Nxd4 Nf6 5. Nc3 a6 6. Bg5 e6 7. f4 Be7 8. Qf3 Qc7 9. O-O-O Nbd7 10. g4 b5 11. Bxf6 Nxf6 12. g5 Nd7 13. a3 Rb8 14. h4 b4 15. axb4 Rxb4 16. Bh3 Nc5 17. f5 Qb6 18. fxe6 fxe6 19. Rhf1 Rf8 20. Qh5+ Kd8 21. Rxf8+ Bxf8 22. Qf7 Be7 23. Nxe6+ Nxe6 24. Bxe6 Bxe6 25. Qxe6 Rxb2 26. Qg8+ Kd7 27. Qxg7 Rb4 28. Qxe7+ Kxe7 29. Nd5+ Ke6 30. Nxb6 Rxb6 31. Rf1 Rb7 32. h5 Ke5 33. Rf5+ Kxe4 34. Ra5 Rb6 35. g6 hxg6 36. h6 Rb7 37. Rxa6 Ke5 38. Ra5+ Ke6 39. c3 Rh7 40. Rg5 Rxh6 41. Kd2 Kf6 42. Rd5 Ke6 43. c4 Rh2+ 44. Ke3 Rh3+ 45. Kd2 Rh2+ 46. Ke3 Rc2 47. Kd3 Rc1 48. Rg5 Kf6 49. Rg2 Rd1+ 50. Ke4 Rf1 51. Rd2 Ke6 52. Rg2 Re1+ 53. Kd4 Rd1+ 54. Ke4 Kf6 55. Rf2+ Kg7 56. Rg2 Re1+ 57. Kd5 Rd1+ 58. Ke6 Rc1 59. Kd5 Rd1+ 60. Ke6 Kh6 61. Rh2+ Kg5 62. Rg2+ Kh5 63. Rh2+ Kg5 64. Rg2+ Kh6 65. Rh2+ Kg7 66. Rg2 1/2-1/2


[Site "https://www.chess.com"]